 Dungeon Crawl Stone Soup version 0.28.0 (webtiles) character file.

Game seed: 10512883716333737477

2398 porpoise the Skirmisher (level 9, -10/70 HPs)
             Began as a Djinni Conjurer on Feb 11, 2022.
             Mangled by a +2 long sword of chaos (25 damage)
             ... on level 7 of the Dungeon.
             The game lasted 00:25:45 (8803 turns).

porpoise the Skirmisher (Djinni Conjurer)           Turns: 8803, Time: 00:25:45

Health: -10/70     AC:  5    Str:  8    XL:     9   Next: 75%
Gold:   315        EV: 11    Int: 23    God:
                   SH:  8    Dex: 11

rFire   + + .      SeeInvis .   b - +1 hunting sling
rCold   x . .      Faith    .   i - +0 buckler
rNeg    . . .      Spirit   .   l - +0 robe {Will+}
rPois   ∞          Reflect  +   (no helmet)
rElec   .          Harm     .   o - +1 cloak
rCorr   .          Rampage  .   z - +0 pair of gloves
Will    +....      Archmagi +   (boots unavailable)
Stlth   +++.......              j - amulet of reflection
HPRegen 0.21/turn               p - +4 ring of slaying
MPRegen 0.00/turn               C - ring of the Mage {Wiz Archmagi}

@: about to teleport, flying
A: sickness immunity, fire resistance 2, cold vulnerability 1, float, innate
caster, HP casting, extra vitality 1
a: no special abilities


You were on level 7 of the Dungeon.
You visited 2 branches of the dungeon, and saw 8 of its levels.

You collected 354 gold pieces.
You spent 39 gold pieces at shops.

Inventory:

Hand Weapons
 a - a +1 dagger of draining
 b - a +1 hunting sling (weapon)
 w - a +1 falchion of electrocution
Missiles
 f - 8 boomerangs
 h - 56 arrows
 n - 203 stones (quivered ammo)
 r - 13 poisoned darts
 D - 33 sling bullets
 F - 5 bolts
 J - 2 boomerangs of dispersal
Armour
 i - a +0 buckler (worn)
 l - a +0 robe of willpower (worn)
 o - a +1 cloak (worn)
 v - a +2 robe of fire resistance
 z - a +0 pair of gloves (worn)
 H - a +2 leather armour of positive energy
Jewellery
 j - an amulet of reflection (around neck)
 p - a +4 ring of slaying (left hand)
 C - the ring of the Mage (right hand) {Wiz Archmagi}
   (You found it on level 6 of the Dungeon)

   [ring of wizardry]

   It improves your spell success rate.
   Archmagi:  It increases the power of your magical spells.
 E - a ring of resist corrosion
Wands
 q - a wand of charming (10)
 t - a wand of polymorph (11)
 B - a wand of acid (5)
Scrolls
 m - 2 scrolls of fog
 s - a scroll of immolation
 A - a scroll of noise
 G - a scroll of teleportation
Potions
 c - 3 potions of heal wounds
 d - 2 potions of mutation
 e - a potion of resistance {unknown}
 g - 2 potions of attraction
 k - 3 potions of curing
 u - 2 potions of lignification {unknown}
 x - a potion of might {unknown}
 I - a potion of flight {unknown}


   Skills:
 * Level 7.8 Fighting
 - Level 2.1 Dodging
 - Level 5.0 Stealth
 + Level 0.5 Shields
 * Level 6.9 Spellcasting


You couldn't memorise any spells.
You knew the following spells:

 Your Spells              Type           Power      Damage    Failure   Level
a - Magic Dart            Conj           100%       1d8       1%          1
b - Searing Ray           Conj           100%       2d8       1%          2
c - Fulminant Prism       Conj/Hex       28%        3d14      2%          4
d - Iskenderun's Mystic   Conj/Tloc      57%        2d12      2%          4
l - Summon Lightning Spi  Summ/Air       57%        N/A       2%          4
p - Passwall              Tmut/Erth      47%        N/A       1%          2
q - Apportation           Tloc           100%       N/A       1%          1
s - Spider Form           Tmut/Pois      57%        N/A       1%          3
z - Dazzling Flash        Conj/Hex       100%       N/A       1%          3
Your spell library was empty.

Dungeon Overview and Level Annotations

Branches:
Dungeon (7/15)             Temple (1/1) D:5

Altars:
Elyvilon
Fedhas
Gozag
Hepliaklqana
Kikubaaqudgha
Qazlal
Sif Muna
Trog
Uskayaw
Vehumet
Xom
Yredelemnul
Zin
The Shining One

Shops:
D:3 (   D:4 :   D:6 *

Annotations:
D:7 BigPumpCobain's ghost, novice SpEn


Innate Abilities, Weirdness & Mutations

You are immune to sickness and miasma.
You are immune to poison.
Your flesh is very heat resistant. (rF++)
You are vulnerable to cold. (rC-)
You float through the air rather than walking.
You learn spells naturally, not from books.
Your magical power is your life essence.
You have superior vitality. (+4 MHP)


Message History

You see here a +0 chain mail.
Found a runed translucent door.
Found a scroll of identify.
Found a shimmering altar of Xom.
BigPumpCobain's ghost turns its malevolent gaze towards you.
Found 6 gold pieces.
BigPumpCobain's ghost lets out a mournful wail.
Press: ? - help, v - describe, . - travel, g - get item
Here: a +2 long sword of chaos (fire blocked by a runed translucent door)
Items here: 6 gold pieces; 18 gold pieces.
The floor.
Unknown command.
Casting: Summon Lightning Spire (dangerous; 2% risk of failure)
Confirm with . or Enter, or press ? or * to list all spells.
You feel a surge of power!
An electric hum fills the air.
You reach down and open the door.
Press: ? - help, v - describe, . - travel
Here: a +2 long sword of chaos (ally target)
An open translucent door.
Unknown command.
Casting: Summon Lightning Spire (dangerous; 2% risk of failure)
Confirm with . or Enter, or press ? or * to list all spells.
You can't see any susceptible monsters within range! (Use Z to cast anyway.)
The +2 long sword of chaos hits you. The +2 long sword of chaos hits you.
You are electrocuted!
Casting: Summon Lightning Spire (dangerous; 2% risk of failure)
Confirm with . or Enter, or press ? or * to list all spells.
Aiming: Searing Ray (safe; 1% risk of failure)
Press: ? - help, Shift-Dir - straight line, f - +2 long sword of chaos
Aim: a +2 long sword of chaos (ally target, 65% to hit)
You feel a surge of power!
The searing ray misses the +2 long sword of chaos.
The searing ray hits BigPumpCobain's ghost.
BigPumpCobain's ghost is lightly damaged. (Press . to maintain the ray.)
The +2 long sword of chaos hits you! The +2 long sword of chaos freezes you!
The +2 long sword of chaos hits you!
* * * LOW HITPOINT WARNING * * *
As you read the scroll of teleportation, it crumbles to dust.
You feel strangely unstable. The +2 long sword of chaos hits you!!
You die...

......##............###......
.......##..####....#.#.#..##.
...........##.##..###.#..####
.....##....#$_.#..##.....# #
#....###...##'##.........## #
. #.................#....#
##......W.......####...##
.........#.(8....## #.#...##
............@........#.#....#
.....###...............##....
..... #.#............# #....
.... .......................
.... .................###....
................ ......
.............## ........
.............# ...####. ...
##


You could see a +2 long sword of chaos (ally target), BigPumpCobain's ghost and
a friendly lightning spire (summoned).

Vanquished Creatures
  Pikel (D:5)
  Menkaure (D:5)
  A water moccasin (D:5)
  An orc warrior (D:7)
  A sky beast (D:6)
  2 necrophages
  An ice beast (D:6)
  A black bear (D:5)
  An ogre (D:4)
  A phantom (D:6)
  A lemure (D:5)
  2 scorpions
  A water moccasin skeleton (D:4)
  A centaur zombie (D:5)
  A hound (D:5)
  2 orc priests (D:4)
  Crazy Yiuf (D:5)
  A centaur skeleton (D:4)
  A jelly (D:4)
  Ijyb (D:5)
  Jessica (D:2)
  A bullfrog skeleton (D:5)
  3 iguanas (D:5)
  3 orc wizards (D:4)
  A hound skeleton (D:5)
  2 gnolls
  6 adders
  3 worms
  5 dart slugs
  13 orcs
  7 endoplasms
  3 giant cockroaches
  11 goblins
  7 hobgoblins
  8 jackals
  9 kobolds
  4 quokkas
  7 ball pythons
  8 bats
  5 frilled lizards
  13 rats
  A spectral orc (D:3)
144 creatures vanquished.

Vanquished Creatures (collateral kills)
  A necrophage (D:6)
  A hound (D:6)
  A jelly (D:6)
  An orc wizard (D:7)
  4 orcs
8 creatures vanquished.

Vanquished Creatures (others)
  8 fulminant prisms
8 creatures vanquished.

Grand Total: 160 creatures vanquished

Notes
Turn   | Place    | Note
-------+----------+-------------------------------------------
     0 | D:1      | porpoise the Djinni Conjurer began the quest for the Orb.
     0 | D:1      | Reached XP level 1. HP: 15/15 MP: 0/0
   386 | D:1      | Reached XP level 2. HP: 19/22 MP: 0/0
   451 | D:1      | Reached skill level 1 in Fighting
   861 | D:1      | Reached XP level 3. HP: 22/27 MP: 0/0
   861 | D:1      | Learned a level 1 spell: Apportation
  1200 | D:1      | Found a faded altar of an unknown god.
  1512 | D:1      | Reached XP level 4. HP: 31/33 MP: 0/0
  1697 | D:2      | Reached skill level 2 in Fighting
  1987 | D:2      | Noticed Jessica
  1990 | D:2      | Killed Jessica
  2115 | D:2      | Reached XP level 5. HP: 34/39 MP: 0/0
  2115 | D:2      | Learned a level 2 spell: Passwall
  2412 | D:2      | Found a white marble altar of Elyvilon.
  3381 | D:3      | Found Fizoen's Weapon Shoppe.
  3507 | D:3      | Noticed a necrophage
  3516 | D:3      | Killed a necrophage
  3517 | D:3      | Reached skill level 3 in Fighting
  3517 | D:3      | Reached XP level 6. HP: 21/46 MP: 0/0
  4054 | D:3      | Found a hazy altar of Hepliaklqana.
  4339 | D:4      | Found Boduul's Book Emporium.
  4374 | D:4      | Reached XP level 7. HP: 31/51 MP: 0/0
  4374 | D:4      | Learned a level 3 spell: Spider Form
  4375 | D:4      | Reached skill level 4 in Fighting
  4959 | D:4      | Reached skill level 5 in Spellcasting
  5453 | D:4      | Reached skill level 5 in Fighting
  5453 | D:4      | Reached XP level 8. HP: 45/59 MP: 0/0
  5735 | D:5      | Entered Level 5 of the Dungeon
  6033 | D:5      | Noticed Ijyb
  6042 | D:5      | Killed Ijyb
  6300 | D:5      | Noticed Pikel
  6323 | D:5      | Killed Pikel
  6324 | D:5      | Reached skill level 6 in Fighting
  6324 | D:5      | Reached XP level 9. HP: 32/67 MP: 0/0
  6324 | D:5      | Learned a level 4 spell: Summon Lightning Spire
  6381 | D:5      | Noticed Menkaure
  6387 | D:5      | Killed Menkaure
  6388 | D:5      | Reached skill level 7 in Fighting
  6579 | D:5      | Found a runed translucent door.
  6580 | D:5      | Noticed Crazy Yiuf
  6814 | D:5      | Found a bloodstained altar of Trog.
  6918 | D:5      | Found a staircase to the Ecumenical Temple.
  6953 | Temple   | Entered the Ecumenical Temple
  7122 | D:5      | Killed Crazy Yiuf
  7218 | D:6      | Found the ring of the Mage {Wiz Archmagi}
  7288 | D:6      | Reached skill level 5 in Stealth
  7932 | D:6      | Found Tadd's Tempting Trifles.
  7947 | D:6      | Bought a scroll of teleportation for 39 gold pieces
  8789 | D:7      | Found a runed translucent door.
  8792 | D:7      | Found a shimmering altar of Xom.
  8792 | D:7      | Noticed BigPumpCobain's ghost (novice SpEn)
  8793 | D:7      | Noticed a +2 long sword of chaos
  8803 | D:7      | Mangled by a +2 long sword of chaos

Illustrated notes

Levels and vault maps discovered:
D:1:      ncdulo_halloftheorcs, layout_loops_ring,
          chequers_ecumenical_altar_simple_redux, minmay_tromino_v7
D:2:      layout_loops_ring, basic_altar, uniq_jessica
D:3:      minmay_bubble_buster, layout_rooms,
          nicolae_hepliaklqana_monster_ancestors, mainiacjoe_overflow_catwalk,
          serial_shops, nicolae_shop_bloodbath_and_beyond,
          grunt_decor_resistance
D:4:      layout_loops_corners, serial_shops, shop_statue, st_stairs_8,
          kennysheep_path_1
D:5:      layout_basic, mainiacjoe_overflow_six_doors_small,
          lemuel_coloured_pillars_altar, minmay_temple_entry_junction_2,
          uniq_ijyb, uniq_menkaure, uniq_crazy_yiuf_cottage, uniq_pikel
D:6:      minmay_evil_eye, layout_basic, nicolae_alphabet_shops,
          minmay_misc_feat_pillars
D:7:      layout_layer_cave, lemuel_tele_altar,
          chequers_temple_overflow_statue_of_worship,
          mainiacjoe_overflow_large_starburst, ebering_ghost_xom
Temple:   dpeg_three_leaves_temple

Skill      XL: |  1  2  3  4  5  6  7  8  9 |
---------------+----------------------------+-----
Fighting       | 1 2 3 5 6 7 |  7.8
Stealth        | 2 3 4 5 |  5.0
Spellcasting   | 4 5 6 |  6.9
Dodging        | |  2.1
Shields        | |  0.5

Action                   |  1- 3 |  4- 6 |  7- 9 || total
-------------------------+-------+-------+-------++-------
Melee: Dagger            |       |       |    17 ||    17
 Fire: Hunting sling     |       |     6 |    44 ||    50
 Cast: Magic Dart        |    50 |    46 |       ||    96
       Searing Ray       |     6 |    27 |    40 ||    73
       Fulminant Prism   |       |     1 |     7 ||     8
       Spider Form       |       |       |     1 ||     1
       Dazzling Flash    |       |       |     3 ||     3
       Summon Lightning  |       |       |     8 ||     8
       Iskenderun's Myst |       |       |     6 ||     6
  Use: Scroll            |       |     5 |     6 ||    11
Armor: Robe              |     1 |     1 |    14 ||    16
Dodge: Dodged            |     7 |    14 |    21 ||    42
Block: Other             |       |     2 |    10 ||    12
       Reflection        |       |     1 |       ||     1
